 Dungeon Crawl Stone Soup version 0.15-a0-895-g19c7863 (webtiles) character file.

320 E1999 the Sneak (level 6, 0/36 HPs)
             Began as a Halfling Enchanter on May 19, 2014.
             Slain by an ice beast (5 damage)
             ... on Level 4 of the Dungeon.
             The game lasted 00:11:22 (2869 turns).

E1999 the Sneak (Halfling Enchanter)                Turns: 2869, Time: 00:11:22

HP   0/36        AC  3     Str  7      XL: 6   Next: 75%
MP   4/9         EV 15     Int 15      God:
Gold 211         SH  0     Dex 17      Spells:  3 memorised,  3 levels left

rFire  . . .     SeeInvis .     o - +2,+1 dagger (venom)
rCold  + . .     Clarity  .     b - +1 robe
rNeg   . . .     Conserve .     (no shield)
rPois  .         rCorr    +     (no helmet)
rElec  .         rRot     .     (no cloak)
SustAb +         Spirit   .     (no gloves)
rMut   .         Warding  .     (no boots)
Gourm  .         Stasis   .     s - amulet of resist corrosion
MR     .....                    x - ring of protection from cold
                                w - ring of sustain abilities

@: not resistant to hostile enchantments, stealthy
A: mutation resistance 1, slow metabolism 1
a: no special abilities


You were on level 4 of the Dungeon.
You were not hungry.

You visited 1 branch of the dungeon, and saw 4 of its levels.

You collected 211 gold pieces.

Inventory:

Hand weapons
 o - a +2,+1 dagger of venom (weapon)
Missiles
 d - 27 darts (quivered)
Armour
 b - a +1 robe (worn)
Magical devices
 u - a wand of frost (14)
Comestibles
 f - 4 bread rations
 m - a choko
 r - a snozzcumber
Scrolls
 a - a scroll of teleportation {unknown}
 g - 5 scrolls of identify {unknown}
 i - a scroll of fog {unknown}
 j - a scroll of enchant armour {unknown}
 n - a scroll of random uselessness {unknown}
 p - 2 scrolls of remove curse
 t - a scroll of enchant weapon I {unknown}
 v - a scroll of magic mapping {unknown}
 y - a scroll of immolation {unknown}
 A - a scroll of enchant weapon II {unknown}
Jewellery
 l - an uncursed ring of teleportation
 s - an amulet of resist corrosion (around neck)
 w - a ring of sustain abilities (left hand)
 x - a ring of protection from cold (right hand)
Potions
 h - a potion of resistance {unknown}
 k - a potion of heal wounds {unknown}
Books
 c - a book of Maledictions

   Spells                             Type                      Level
   *Corona                            Hexes                        1
   *Sure Blade                        Hexes/Charms                 2
   *Ensorcelled Hibernation           Hexes/Ice                    2
   Confuse                            Hexes                        3
   Dazzling Spray                     Conjuration/Hexes            3
   Enslavement                        Hexes                        4
 q - a book of Changes

   Spells                             Type                      Level
   Beastly Appendage                  Transmutation                1
   Sticks to Snakes                   Transmutation                2
   Spider Form                        Transmutation/Poison         3
   Ice Form                           Ice/Transmutation            4
   Blade Hands                        Transmutation                5


   Skills:
 + Level 5.8 Short Blades
 - Level 1.3 Throwing
 - Level 2.4 Dodging
 - Level 7.1 Stealth
 - Level 1.5 Spellcasting
 - Level 2.6 Hexes


You had 3 spell levels left.
You knew the following spells:

 Your Spells              Type           Power        Failure   Level  Hunger
a - Corona                Hex            #......      10%         1    ##.....
b - Ensorcelled Hibernat  Hex/Ice        #.....       21%         2    ###....
c - Sure Blade            Hex/Chrm       #.........   21%         2    ###....


Dungeon Overview and Level Annotations

Branches:
Dungeon (4/15)
 Temple: D:4-7

Altars:
Okawaru
The Shining One


Innate Abilities, Weirdness & Mutations

You are small and have problems with some larger weapons.
You are somewhat resistant to further mutation.
You have a slow metabolism.


Message History

The ice beast is moderately wounded.
The ice beast closely misses you.
You hit the ice beast.
The ice beast is moderately wounded.
The ice beast closely misses you.
You hit the ice beast.
The ice beast is moderately wounded.
You closely miss the ice beast.
The ice beast is moderately wounded.
The ice beast completely misses you.
You hit the ice beast.
The ice beast is moderately wounded.
The ice beast hits you. The ice beast freezes you! You resist.
* * * LOW HITPOINT WARNING * * *
Drink which item? (? for menu, Esc to quit)
You feel extremely strange.
It was a potion of mutation.
The ice beast hits you.
* * * LOW HITPOINT WARNING * * *
The ice beast freezes you. You resist.
You die...

#.................
#.............)...
#..##############>
#..# #. #.<# #.
#..# #.
#..##############.
#Y................
#@###########.....
#.# #.#### #.# #.#
#.# #.# #.# #.#
#.# #.# #.# #.#
#.# #.####
#.###########.....


You could see an ice beast.

Vanquished Creatures
  A scorpion (D:4)
  An iguana (D:4)
  An orc wizard (D:4)
  2 worker ants
  4 gnolls
  3 adders
  A giant mite (D:4)
  2 worms (D:4)
  3 giant geckos
  2 oozes
  13 orcs
  4 bats
  3 giant cockroaches
  15 goblins
  8 hobgoblins
  5 jackals (D:3)
  8 kobolds
  7 rats
83 creatures vanquished.

Notes
Turn   | Place    | Note
--------------------------------------------------------------
     0 | D:1      | E1999, the Halfling Enchanter, began the quest for the Orb.
     0 | D:1      | Reached XP level 1. HP: 11/11 MP: 2/2
   223 | D:1      | Reached XP level 2. HP: 17/17 MP: 1/3
   253 | D:1      | Reached skill level 3 in Short Blades
   329 | D:1      | Reached XP level 3. HP: 9/21 MP: 1/5
   579 | D:1      | Reached skill level 4 in Short Blades
   889 | D:2      | Reached XP level 4. HP: 10/27 MP: 6/6
  1197 | D:2      | Learned a level 2 spell: Ensorcelled Hibernation
  1386 | D:3      | Found an iron altar of Okawaru.
  1431 | D:3      | HP: 1/27 [gnoll/ dart (8)]
  1438 | D:3      | Reached skill level 5 in Stealth
  1438 | D:3      | Reached XP level 5. HP: 2/31 MP: 1/7
  1734 | D:3      | Learned a level 2 spell: Sure Blade
  2107 | D:4      | Noticed an ogre
  2144 | D:3      | Reached skill level 6 in Stealth
  2204 | D:4      | Reached skill level 7 in Stealth
  2204 | D:4      | Reached XP level 6. HP: 25/36 MP: 6/9
  2341 | D:4      | Found a glowing golden altar of the Shining One.
  2341 | D:4      | Noticed an angel
  2462 | D:4      | Reached skill level 5 in Short Blades
  2822 | D:4      | Noticed an ice beast
  2869 | D:4      | Slain by an ice beast

Action                   |  1- 3 |  4- 6 || total
-------------------------+-------+-------++-------
Melee: Dagger            |   118 |   189 ||   307
Throw: Dart              |     1 |     1 ||     2
 Cast: Corona            |    17 |    17 ||    34
       Ensorcelled Hiber |       |    23 ||    23
       Sure Blade        |       |     2 ||     2
Evoke: Wand              |       |     1 ||     1
  Use: Scroll            |     1 |       ||     1
       Potion            |       |     2 ||     2
 Stab: Sleeping          |     1 |    11 ||    12
